 Dungeon Crawl Stone Soup version 0.27-a0-323-gbd089401bb (webtiles) character file.

Game seed: 3434146384730056940

210 Lorrdernie the Slasher (level 5, -1/42 HPs)
             Began as a Minotaur Gladiator on Feb 10, 2021.
             Was an Initiate of Makhleb.
             Shot with an arrow by a centaur (5 damage)
             ... on level 5 of the Dungeon.
             The game lasted 00:02:51 (2248 turns).

Lorrdernie the Slasher (Minotaur Gladiator)         Turns: 2248, Time: 00:02:52

Health: -1/42      AC:  5    Str: 19    XL:     5   Next: 57%
Magic:  13/13      EV: 13    Int:  6    God:    Makhleb [......]
Gold:   122        SH:  0    Dex: 17    Spells: 4/4 levels left

rFire    . . .     SeeInvis .   a - +0 long sword
rCold    . . .     Faith    .   (no shield)
rNeg     . . .     Spirit   .   b - +0 leather armour
rPois    .         Reflect  .   h - +2 hat
rElec    .         Harm     .   (no cloak)
rCorr    .         Rampage  .   (no gloves)
Will     .....                  (no boots)
Stlth    +.........             (no amulet)
HPRegen  0.14/turn              g - +6 ring of dexterity
MPRegen  0.13/turn              s - ring of magical power

@: lethally poisoned (-1 -> -3)
A: retaliatory headbutt, horns 2
a: Renounce Religion


You were on level 5 of the Dungeon.
You worshipped Makhleb.
Makhleb was noncommittal.
You visited 1 branch of the dungeon, and saw 4 of its levels.

You collected 122 gold pieces.

Inventory:

Hand Weapons
 a - a +0 long sword (weapon)
Missiles
 d - 2 throwing nets (quivered)
Armour
 b - a +0 leather armour (worn)
 c - a +0 hat
 h - a +2 hat (worn)
Jewellery
 g - a +6 ring of dexterity (left hand)
 s - a ring of magical power (right hand)
Wands
 u - a wand of paralysis (5)
Scrolls
 f - 5 scrolls of identify {unknown}
 j - a scroll of immolation {unknown}
 k - a scroll of enchant armour {unknown}
 m - a scroll of random uselessness {unknown}
 r - a scroll of magic mapping {unknown}
 v - a scroll of teleportation {unknown}
Potions
 e - a potion of attraction {unknown}
 i - 3 potions of flight {unknown}
 l - a potion of might {unknown}
 n - 3 potions of lignification {unknown}
 o - a potion of invisibility {unknown}
 p - a potion of mutation {unknown}
 q - 2 potions of curing {unknown}
 t - a potion of magic {unknown}


   Skills:
 - Level 2.4 Fighting
 * Level 7.7 Long Blades
 - Level 2.0 Throwing
 - Level 3.2 Dodging


You had 4 spell levels left.
You didn't know any spells.
Your spell library was empty.

Dungeon Overview and Level Annotations

Branches:
Dungeon (3/15)

Altars:
Makhleb


Innate Abilities, Weirdness & Mutations

You reflexively headbutt those who attack you in melee.
You have a pair of horns on your head.


Message History

The leopard gecko is severely wounded.
The leopard gecko barely misses you. You furiously retaliate!
You headbutt the leopard gecko, but do no damage.
You riposte.
You hit the leopard gecko. Your headbutt misses the leopard gecko.
The leopard gecko is almost dead.
You slash the leopard gecko!
You kill the leopard gecko!
Makhleb accepts your kill.
v - a scroll labelled WYIMNE RYTAOMIOS You hear a distant slurping noise.
An adder comes into view.
The helpless adder fails to defend itself.
You slash the adder!
The adder is severely wounded.
The adder bites you.
You are poisoned.
The adder poisons you!
You hear a distant slurping noise.
You hit the adder.
You kill the adder!
Makhleb accepts your kill.
You feel sick.
A worker ant comes into view.
You feel sick.
Found 15 stones.
You see here an adder corpse.
A centaur comes into view.
The centaur shouts!
The centaur wields a +0 shortbow.
The centaur shoots an arrow.
The arrow hits you.
You feel sick.
The centaur shoots an arrow.
The arrow closely misses you.
The centaur shoots an arrow.
The arrow completely misses you.
A bullfrog skeleton comes into view.
The centaur shoots an arrow.
The arrow hits you!
Unknown command.
You feel sick.
The centaur shoots an arrow.
The arrow barely misses you.
The centaur shoots an arrow.
The arrow hits you!
* * * LOW HITPOINT WARNING * * *
The centaur shoots an arrow.
The arrow hits you.
You die...

#.#...#.#... #...........
########.#.#...
#........#.#...
#.########.#...
#.#......#.#...
####.#.#....#.#...
.#+###+#...........#.####
........@##.#......#..
..Z..........######
.c......B.†..#
.............#
.............#
#####........# #........#
#.......... #...........


You could see a centaur, a worker ant and a bullfrog skeleton.

Vanquished Creatures
  Menkaure (D:5)
  3 adders
  2 worms (D:2)
  4 dart slugs
  3 leopard geckos
  A giant cockroach (D:5)
  5 hobgoblins
  7 jackals
  7 kobolds
  A quokka (D:2)
  7 bats
  3 frilled lizards
  3 goblins
  5 rats
52 creatures vanquished.

Notes
Turn   | Place    | Note
-------+----------+-------------------------------------------
     0 | D:1      | Lorrdernie the Minotaur Gladiator began the quest for the
                  | Orb.
     0 | D:1      | Reached XP level 1. HP: 18/18 MP: 0/0
   222 | D:1      | Reached skill level 4 in Long Blades
   273 | D:1      | Reached XP level 2. HP: 17/25 MP: 1/1
  1069 | D:2      | Reached skill level 5 in Long Blades
  1169 | D:2      | Reached XP level 3. HP: 26/30 MP: 2/2
  1535 | D:2      | Found a burning altar of Makhleb.
  1535 | D:2      | Noticed a green death
  1632 | D:2      | Noticed a smoke demon
  1632 | D:2      | Noticed a hellwing
  1634 | D:2      | Became a worshipper of Makhleb the Destroyer
  1891 | D:2      | Reached skill level 6 in Long Blades
  1891 | D:2      | Reached XP level 4. HP: 37/37 MP: 3/3
  2133 | D:3      | You fall into a shaft and drop 2 floors!
  2133 | D:5      | Entered Level 5 of the Dungeon
  2151 | D:5      | Noticed Menkaure
  2160 | D:5      | Killed Menkaure
  2161 | D:5      | Reached skill level 7 in Long Blades
  2161 | D:5      | Reached XP level 5. HP: 26/42 MP: 4/4
  2244 | D:5      | Noticed a centaur
  2248 | D:5      | Shot with an arrow by a centaur

Illustrated notes

Levels and vault maps discovered:
D:1:      co_arrival_square_in_a_square_in_a_square, layout_basic,
          minmay_liquid_box
D:2:      layout_basic, makhleb_altar_promises_db,
          chequers_serial_rivers_micro_b
D:3:      layout_basic, nicolae_overflow_crystal_walls, gup_sewer_entry_glass
D:5:      layout_basic, lemuel_coloured_pillars_altar, lemuel_crystal_altar,
          uniq_ijyb, uniq_menkaure

Skill      XL: |  1  2  3  4 |
---------------+-------------+-----
Long Blades    | 4 5 6 7 |  7.7
Fighting       | |  2.4
Throwing       | |  2.0
Dodging        | |  3.2

Action                   |  1- 3 |  4- 6 || total
-------------------------+-------+-------++-------
Melee: Long sword        |    80 |    16 ||    96
       Headbutt          |    18 |     4 ||    22
Throw: Throwing net      |       |     1 ||     1
 Stab: Sleeping          |     1 |     1 ||     2
       Held in net/web   |       |     1 ||     1
Armor: Leather armour    |    25 |     1 ||    26
Dodge: Dodged            |    47 |     9 ||    56
       Rpst.: Long sword |    12 |     2 ||    14

Table legend: (Time is in decaauts)
 A = Elapsed time spent in this place.
 B = Non-inter-level travel time spent in this place.
 C = Inter-level travel time spent in this place.
 D = Time resting spent in this place.
 E = Time spent auto-exploring this place.
 F = Levels seen in this place.
 G = Mean time per level.
                   A        B        C        D        E       F      G
               +--------+--------+--------+--------+--------+-----+--------+
         Total |   2258 |   2151 |    107 |     56 |   1654 |   4 |  564.5 |
       Dungeon |   2258 |   2151 |    107 |     56 |   1654 |   4 |  564.5 |
               +--------+--------+--------+--------+--------+-----+--------+

Top non-repeatable levels by time:
     D:2: 1010 daAuts
     D:1: 1007 daAuts
     D:3: 125 daAuts
     D:5: 115 daAuts
